 Dungeon Crawl Stone Soup version 0.19-a0-1071-g4ed3155 (webtiles) character file.

16 Charly the Skirmisher (level 2, -1/26 HPs)
             Began as a Centaur Fighter on Aug 5, 2016.
             Slain by a worm (5 damage)
             ... on level 3 of the Dungeon.
             The game lasted 00:04:43 (417 turns).

Charly the Skirmisher (Centaur Fighter)              Turns: 417, Time: 00:04:43

Health: -1/26      AC:  6    Str: 18    XL:     2   Next: 37%
Magic:  2/2        EV:  5    Int:  7    God:
Gold:   114        SH:  8    Dex:  8    Spells: 0 memorised, 1 level left

rFire  . . .     SeeInvis .     a - +0 flail
rCold  . . .     Gourm    .     b - +0 scale mail
rNeg   . . .     Faith    .     c - +0 shield
rPois  .         Spirit   .     (no helmet)
rElec  .         Dismiss  .     (no cloak)
rCorr  .         Reflect  .     (no gloves)
SustAt .         Harm     .     (no barding)
MR     .....                    (no amulet)
Stlth  ..........               (no ring)
                                (no ring)

@: very quick
A: hooves 3, deformed body, speed 2, tough skin 3
a: no special abilities


You were on level 3 of the Dungeon.
You were not hungry.

You visited 1 branch of the dungeon, and saw 4 of its levels.

You collected 114 gold pieces.

Inventory:

Hand Weapons
 a - a +0 flail (weapon)
Armour
 b - a +0 scale mail (worn)
 c - a +0 shield (worn)
Scrolls
 g - a scroll of amnesia {unknown}
 h - a scroll of teleportation {unknown}
 i - a scroll of remove curse {unknown}
 j - a scroll of blinking {unknown}
Potions
 d - a potion of might
 e - a potion of lignification {unknown}
 k - a potion of curing {unknown}
 l - a potion of haste {unknown}
Comestibles
 f - 2 bread rations


   Skills:
 - Level 3.0 Fighting
 + Level 2.8 Maces & Flails
 - Level 2.1 Armour
 - Level 2.1 Shields


You had one spell level left.
You didn't know any spells.

Dungeon Overview and Level Annotations

Branches:
Dungeon (4/15)
 Temple: D:4-7

Altars:


Innate Abilities, Weirdness & Mutations

You have hooves in place of feet.
Armour fits poorly on your strangely shaped body.
You cover ground very quickly.
You have extremely tough skin. (AC +3)


Message History

You block the quokka's attack.
You barely miss the quokka. Your kick misses the quokka.
The quokka bites you but does no damage.
You block the quokka's attack.
You closely miss the quokka. The quokka bites you.
You block the quokka's attack.
Your shield prevents you from hitting the quokka.
The quokka bites you but does no damage.
You hit the quokka.
You kill the quokka!
The worm bites you.
* * * LOW HITPOINT WARNING * * *
You hit the worm but do no damage.
Your shield prevents you from hitting the worm.
You kick the worm, but do no damage. The ooze hits you.
* * * LOW HITPOINT WARNING * * *
The worm bites you but does no damage.
You barely miss the worm. The ooze hits you but does no damage.
The worm bites you.
You die...

#......................
#......................
#.............%........
#......................
#......................
..####......................
............................
#........#....w.########....
#........#.##@..### .##
#........#J#..J...#
#........#.#..#.#.#
########.#.#..#.#.#
#.#.#..#>..#
.###.#.####.######
#.................#
#####.#.####.####.#
...#..#.....<#


You could see a worm and an ooze.

Vanquished Creatures
  A dart slug (D:2)
  A bat (D:1)
  A giant cockroach (D:2)
  4 jackals (D:1)
  A quokka (D:3)
  3 ball pythons
  A rat (D:2)
12 creatures vanquished.

Notes
Turn   | Place    | Note
-------+----------+-------------------------------------------
     0 | D:1      | Charly the Centaur Fighter began the quest for the Orb.
     0 | D:1      | Reached XP level 1. HP: 19/19 MP: 1/1
    91 | D:1      | Reached XP level 2. HP: 3/26 MP: 2/2
   207 | D:3      | Charly: @?adder
   207 | D:3      | beem: adder (S)
                  | Spd: 13 (swim: 60%)
                  | HD: 2
                  | HP: 9-13
                  | AC/EV: 1/15
                  | Dam: 5(poison:4-8)
                  | amphibious, cold-blooded
                  | Res: magic(10), drown
                  | XP:
    13 | Sz: little | Int: animal.
   207 | D:3      | Charly: @?centaur
   207 | D:3      | beem: centaur (c)
                  | Spd:
    15 | HD: 4    | HP: 18-25
                  | AC/EV: 3/7
                  | Dam: 10
                  | weapons, items, doors, archer
                  | Res: magic(20)
                  | XP:
   112 | Sz: Large | Int: human.
   417 | D:3      | Slain by a worm

Vault maps used:
D:1:      dpeg_arrival_shrine
D:2:      lemuel_doored_altar
D:3:      nicolae_overflow_quartered_altars, tgw_xom
D:4:      lemuel_round_altar, first_bread

Skill      XL: |  1 |
---------------+----+-----
Maces & Flails | 2 |  2.8
Fighting       | |  3.0
Armour         | |  2.1
Shields        | |  2.1

Action                   || total
-------------------------++-------
Melee: Flail             ||    36
       Kick              ||     6
Armor: Scale mail        ||    23
Dodge: Dodged            ||     6
Block: Shield            ||    22
